 Dungeon Crawl Stone Soup version 0.29.0-7-g18a832c13a (webtiles) character file.

Game seed: 15478031303812558108

9 ProzacElf the Grave Robber (level 2, 0/15 HPs)
             Began as a Kobold Necromancer on Aug 30, 2022.
             Slain by a hobgoblin (2 damage)
             ... on level 1 of the Dungeon.
             The game lasted 00:01:23 (452 turns).

ProzacElf the Grave Robber (Kobold Necromancer)      Turns: 452, Time: 00:01:23

Health: 0/15       AC:  3    Str:  5    XL:     2   Next: 25%
Magic:  2/5        EV: 15    Int: 16    God:
Gold:   34         SH:  0    Dex: 15    Spells: 4/5 levels left

rFire   . . .      SeeInvis .   a - +0 short sword
rCold   . . .      Faith    .   (no shield)
rNeg    . . .      Spirit   .   e - +0 robe
rPois   .          Reflect  .   (no helmet)
rElec   .          Harm     .   f - +0 cloak
rCorr   .          Rampage  .   (no gloves)
Will    .....                   (no boots)
Stlth   +++.......              (no amulet)
HPRegen 0.05/turn               (no ring)
MPRegen 0.09/turn               (no ring)

@: no status effects
A: small, no large weapons, nightstalker 3
a: no special abilities


You were on level 1 of the Dungeon.
You visited 1 branch of the dungeon, and saw 1 of its levels.

You collected 34 gold pieces.

Inventory:

Hand Weapons
 a - a +0 short sword (weapon)
 g - a +0 hand axe
Missiles
 c - 6 poisoned darts (quivered)
Armour
 e - a +0 robe (worn)
 f - a +0 cloak (worn)
 j - a +0 leather armour
Scrolls
 d - 3 scrolls of identify {unknown}
 h - a scroll of vulnerability {unknown}
 i - a scroll of summoning {unknown}
Potions
 b - a potion of magic


   Skills:
 - Level 2.4 Dodging
 + Level 3.1 Stealth
 + Level 2.4 Spellcasting
 + Level 4.1 Necromancy


You had 4 spell levels left.
You knew the following spells:

 Your Spells              Type           Power      Damage    Failure   Level
a - Necrotise             Necr           60%        1d7       3%          1

Your spell library contained the following spells:

 Spells                   Type           Power      Damage    Failure   Level
 Vampiric Draining        Necr           15%        2d7       11%         3
 Animate Dead             Necr           15%        N/A       34%         4
 Agony                    Necr           15%        N/A       69%         5


Dungeon Overview and Level Annotations

Branches:
Dungeon (1/15)

Altars:

Shops:
D:1 !


Innate Abilities, Weirdness & Mutations

You are small and have problems with some larger weapons.
You are completely attuned to the shadows.


Message History

Ye take 3 damage, an' haf 7/15 hp.
Tha hobgoblin attacks as ye move away!
Tha hobgoblin barely misses ye.
Tha quokka attacks as ye move away!
Tha quokka bites ye.
Tha hobgoblin attacks as ye move away!
Tha hobgoblin closely misses ye.
Ye take 2 damage, an' haf 5/15 hp.
Castin': Necrotise (safe; 3% risk o' failure) Confirm wit' . or Enter, or press ? or * ta list all spells.
Aimin': Necrotise (safe; 3% risk o' failure)
Press: ? - help, Shift-Dir - straight line, f - quokka
Aim: a quokka (heavily wounded, chance ta affect: 85%) Tha quokka barely resists.
Tha quokka completely misses ye.
Tha hobgoblin barely misses ye.
Tha quokka bites ye but does nay damage.
Ye now haf 4/5 mp.
Tha quokka attacks as ye move away!
Tha quokka misses ye.
Tha hobgoblin attacks as ye move away!
Tha hobgoblin closely misses ye.
Tha ball python attacks as ye move away!
Tha ball python closely misses ye.
Tha ball python barely misses ye.
Tha ball python closely misses ye. x2
Tha hobgoblin attacks as ye move away!
Tha hobgoblin hits ye.
* * * LOW HITPOINT WARNIN'
* * * Tha ball python attacks as ye move away!
Tha ball python closely misses ye.
Tha ball python barely misses ye.
Ye take 4 damage, an' haf 1/15 hp.
MASSIVE DAMAGE!!
Okay, than.
Castin': Necrotise (safe; 3% risk o' failure) Confirm wit' . or Enter, or press ? or * ta list all spells.
Aimin': Necrotise (safe; 3% risk o' failure)
Press: ? - help, Shift-Dir - straight line, f - hobgoblin
Aim: a hobgoblin (chance ta affect: 85%) Tha hobgoblin barely resists.
Tha hobgoblin closely misses ye.
Ye now haf 3/5 mp.
Castin': Necrotise (safe; 3% risk o' failure) Confirm wit' . or Enter, or press ? or * ta list all spells.
Aimin': Necrotise (safe; 3% risk o' failure)
Press: ? - help, Shift-Dir - straight line, f/p - hobgoblin
Aim: a hobgoblin (chance ta affect: 85%) Tha hobgoblin writhas in agony.
Tha ball python barely misses ye.
Tha ball python closely misses ye.
Tha hobgoblin hits ye.
Ye die...

###...# ########
############...# #
...........#...# #
........)..#...# #######
.....÷.........# ###......
#####..........#...+......
............#.#.#......
......S........#.#......
.....rg@..÷....#.#......
......#######..#........
......# #..#..######
.....r# #....## ......#
##>#....# ##....# ###....#
......# .....# ......#
#....# .+....#


You could see a quokka, a hobgoblin and a ball python.

Vanquished Creatures
  2 endoplasms (D:1)
  A giant cockroach (D:1)
  A goblin (D:1)
  A hobgoblin (D:1)
  2 frilled lizards (D:1)
  A kobold (D:1)
  A rat (D:1)
9 creatures vanquished.

Notes
Turn   | Place    | Note
-------+----------+-------------------------------------------
     0 | D:1      | ProzacElf the Kobold Necromancer began the quest for the
                  | Orb.
     0 | D:1      | Reached XP level 1. HP: 10/10 MP: 3/3
   172 | D:1      | Found Yguiven's Distillery.
   343 | D:1      | Reached XP level 2. HP: 15/15 MP: 5/5
   452 | D:1      | Slain by a hobgoblin

Illustrated notes

Levels and vault maps discovered:
D:1:      lemuel_arrival_rhombus, layout_basic, serial_shops,
          nicolae_shop_hallway_plus, hellmonk_ecumenical_altar_blasted

Skill      XL: |  1 |
---------------+----+-----
Stealth        | 3 |  3.1
Dodging        | |  2.4
Spellcasting   | |  2.4
Necromancy     | |  4.1

Action                   || total
-------------------------++-------
Melee: Short sword       ||    21
       Punch             ||     1
 Cast: Necrotise         ||     6
 Stab: Sleeping          ||     5
Armor: Robe              ||     6
Dodge: Dodged            ||    28
